 Dungeon Crawl Stone Soup version 0.26-a0-833-g7262b39652 (webtiles) character file.

Game seed: 8168890271489240419

112 P0NYSLAYSTATION the Poker (level 4, 0/41 HPs)
             Began as a Hill Orc Monk on Nov 15, 2020.
             Slain by a worker ant (4 damage)
             ... on level 4 of the Dungeon on Nov 16, 2020.
             The game lasted 00:05:41 (1266 turns).

P0NYSLAYSTATION the Poker (Hill Orc Monk)           Turns: 1266, Time: 00:05:42

Health: 0/41       AC:  4    Str: 14    XL:     4   Next: 95%
Magic:  4/4        EV: 12    Int: 10    God:
Gold:   49         SH:  0    Dex: 13    Spells: 2/3 levels left

rFire    . . .     SeeInvis .   a - +0 spear
rCold    . . .     Faith    .   (no shield)
rNeg     . . .     Spirit   .   n - +0 leather armour
rPois    .         Reflect  .   (no helmet)
rElec    .         Harm     .   f - +0 cloak
rCorr    .         Rampage  .   (no gloves)
MR       .....                  (no boots)
Stlth    ++........             (no amulet)
HPRegen  0.13/turn              (no ring)
MPRegen  0.09/turn              (no ring)

@: mighty, lethally poisoned (0 -> -17)
A: no striking features
a: no special abilities


You were on level 4 of the Dungeon.
You visited 1 branch of the dungeon, and saw 4 of its levels.

You collected 49 gold pieces.

Inventory:

Hand Weapons
 a - a +0 spear (weapon)
Missiles
 d - 63 stones (quivered)
 l - 7 atropa-tipped darts
Armour
 b - a +0 robe
 c - a +0 scale mail
 f - a +0 cloak (worn)
 n - a +0 leather armour (worn)
Scrolls
 e - a scroll of remove curse
 g - a scroll of blinking
 i - a scroll of teleportation {unknown}
 j - 2 scrolls of enchant weapon {unknown}
Potions
 k - a potion of curing {unknown}
 m - a potion of magic
 o - a potion of brilliance {unknown}


   Skills:
 + Level 4.4 Fighting
 + Level 4.5 Polearms
 + Level 0.4 Armour
 + Level 3.0 Dodging
 + Level 2.1 Stealth


You had 2 spell levels left.
You knew the following spells:

 Your Spells              Type           Power        Failure   Level
a - Magic Dart            Conj           #...         43%         1

Your spell library contained the following spells:

 Spells                   Type           Power        Failure   Level
 Searing Ray              Conj           #.....       58%         2
 Dazzling Flash           Conj/Hex       #.....       82%         3
 Fulminant Prism          Conj/Hex       #.........   99%         4
 Iskenderun's Mystic Bla  Conj/Tloc      #.......     99%         4


Dungeon Overview and Level Annotations

Branches:
Dungeon (5/15)
 Temple: D:4-7

Altars:


Message History

You are too injured to fight recklessly!
It was a potion of magic.
Magic courses through your body.
You feel sick. The worker ant bites you.
* * * LOW HITPOINT WARNING * * *
You closely miss the worker ant.
The worker ant is moderately wounded.
* * * LOW HITPOINT WARNING * * *
You feel sick. The worker ant bites you.
* * * LOW HITPOINT WARNING * * *
You are more poisoned.
The worker ant poisons you!
It was a potion of might.
You feel very mighty all of a sudden.
* * * LOW HITPOINT WARNING * * *
You feel sick. The worker ant misses you.
You closely miss the worker ant.
The worker ant is moderately wounded.
* * * LOW HITPOINT WARNING * * *
You feel sick. The worker ant bites you.
You die...

.o.# ##...##
.# ##..# ..#
#..##.# #
#..... .
....##.# .
##......
...####.B##..
.....(.@.##.#
##........#.##
#.#.###.....#
#.........##
######.....#
#.....#
#...### #..†#
#...#


You could see a worker ant.

Vanquished Creatures
  A hound (D:4)
  A centaur skeleton (D:4)
  A worker ant (D:4)
  A hound skeleton (D:4)
  A worm (D:4)
  2 orcs (D:4)
  A bat (D:2)
  A giant cockroach (D:1)
  A goblin (D:1)
  3 hobgoblins (D:1)
  A frilled lizard (D:1)
  A kobold (D:1)
  A leopard gecko skeleton (D:5)
16 creatures vanquished.

Notes
Turn   | Place    | Note
-------+----------+-------------------------------------------
     0 | D:1      | P0NYSLAYSTATION the Hill Orc Monk began the quest for the
                  | Orb.
     0 | D:1      | Reached XP level 1. HP: 19/19 MP: 1/1
   393 | D:1      | Reached XP level 2. HP: 25/27 MP: 2/2
   586 | D:2      | You fall into a shaft and drop 2 floors!
   608 | D:4      | Upgraded the game from 0.26-a0-830-g2a559e7be2 to
                  | 0.26-a0-833-g7262b39652
   628 | D:4      | Reached XP level 3. HP: 15/33 MP: 3/3
   819 | D:4      | Learned a level 1 spell: Magic Dart
   852 | D:5      | Entered Level 5 of the Dungeon
   923 | D:4      | Reached XP level 4. HP: 8/41 MP: 2/4
  1266 | D:4      | Slain by a worker ant

Illustrated notes

Levels and vault maps discovered:
D:1:      co_arrival_square_in_a_square_in_a_square, layout_basic,
          serial_forest, infiniplex_forest_clump_cross,
          infiniplex_forest_straight_3, infiniplex_forest_end_double,
          infiniplex_forest_lined_corner, infiniplex_forest_lined_room_3,
          infiniplex_forest_join, infiniplex_forest_clump_long,
          infiniplex_forest_lined_4_way, infiniplex_forest_lined_corner,
          minmay_misc_feat_encased, chequers_serial_rivers_micro_d,
          minmay_split_cup_small
D:2:      layout_rooms, gammafunk_temple_overflow_forgotten, grunt_gozag_statues
D:4:      layout_rooms
D:5:      minmay_goblin_kobold_castle, layout_gridville, minmay_liquid_box,
          grunt_dithmenos_smoke_and_mirrors

Skill      XL: |  1  2  3  4 |
---------------+-------------+-----
Fighting       | 4 |  4.4
Polearms       | 4 |  4.5
Stealth        | 2 |  2.1
Dodging        | 3 |  3.0
Armour         | |  0.4

Action                   |  1- 3 |  4- 6 || total
-------------------------+-------+-------++-------
Melee: Spear             |    63 |    40 ||   103
 Cast: Magic Dart        |       |     2 ||     2
  Use: Scroll            |     2 |       ||     2
       Potion            |       |     2 ||     2
 Stab: Sleeping          |     2 |     1 ||     3
Armor: Robe              |     8 |       ||     8
       Leather armour    |     1 |     3 ||     4
Dodge: Dodged            |    25 |    27 ||    52

Table legend: (Time is in decaauts)
 A = Elapsed time spent in this place.
 B = Non-inter-level travel time spent in this place.
 C = Inter-level travel time spent in this place.
 D = Time resting spent in this place.
 E = Time spent auto-exploring this place.
 F = Levels seen in this place.
 G = Mean time per level.
                   A        B        C        D        E       F      G
               +--------+--------+--------+--------+--------+-----+--------+
         Total |   1257 |   1257 |      0 |    276 |    683 |   4 |  314.2 |
       Dungeon |   1257 |   1257 |      0 |    276 |    683 |   4 |  314.2 |
               +--------+--------+--------+--------+--------+-----+--------+

Top non-repeatable levels by time:
     D:4: 642 daAuts
     D:1: 543 daAuts
     D:2: 40 daAuts
     D:5: 31 daAuts
